 Dungeon Crawl Stone Soup version 0.30-a0-711-gf4ac18a38d (webtiles) character file.

Game seed: 896949658266061445

469 Crownlay the Reanimator (level 6, -8/39 (41) HPs)
             Began as a Demonspawn Necromancer on Jan 22, 2023.
             Mangled by Crazy Yiuf
             ... wielding a +3 quarterstaff of chaos
              (13 damage)
             ... on level 4 of the Dungeon.
             The game lasted 00:11:33 (4206 turns).

Crownlay the Reanimator (Demonspawn Necromancer)    Turns: 4206, Time: 00:11:34

HP:   -8/39 (41)    AC:  4    Str:  9    XL:     6   Next: 82%
MP:   0/9           EV: 12    Int: 18    God:
Gold: 145           SH:  0    Dex: 13    Spells: 4/9 levels left

rFire   . . .      SeeInvis .    n - +0 dagger (venom)
rCold   . . .      Faith    .    (no shield)
rNeg    . . .      Spirit   +    a - +0 robe
rPois   +          Reflect  .    (no helmet)
rElec   .          Harm     .    s - +0 cloak
rCorr   .          Rampage  .    o - +0 pair of gloves
Will    .....                    (no boots)
Stlth   ++                       e - amulet of guardian spirit
HPRegen 0.26/turn                p - ring of poison resistance
MPRegen 0.11/turn                (no ring)

@: lightly drained
A: claws 1, powered by death 1, spiny 1
a: no special abilities


You were on level 4 of the Dungeon.
You visited 2 branches of the dungeon, and saw 5 of its levels.

You collected 321 gold pieces.
You spent 176 gold pieces at shops.

Inventory:

Hand Weapons
 n - a +0 dagger of venom (weapon)
Armour
 a - a +0 robe (worn)
 o - a +0 pair of gloves (worn)
 s - a +0 cloak (worn)
Jewellery
 e - an amulet of guardian spirit (around neck)
 p - a ring of poison resistance (left hand)
Wands
 r - a wand of acid (5)
 y - a wand of roots (11)
 z - a wand of flame (15)
Scrolls
 d - 4 scrolls of identify {unknown}
 g - a scroll of noise {unknown}
 h - a scroll of fog {unknown}
 j - 2 scrolls of teleportation {unknown}
 k - a scroll of magic mapping {unknown}
 l - 3 scrolls of amnesia
 m - 2 scrolls of fear {unknown}
 x - a scroll of immolation {unknown}
 A - a scroll of brand weapon {unknown}
Potions
 b - 2 potions of magic
 c - 3 potions of curing
 f - a potion of flight {unknown}
 i - 3 potions of mutation
 q - a potion of attraction {unknown}
 t - a potion of ambrosia {unknown}
 u - 3 potions of lignification {unknown}
 v - a potion of brilliance
 w - a potion of heal wounds


   Skills:
 - Level 1.7 Dodging
 - Level 1.7 Stealth
 - Level 2.0 Spellcasting
 + Level 9.1 Necromancy


You had 4 spell levels left.
You knew the following spells:

 Your Spells              Type           Power      Damage    Failure   Level
a - Necrotise             Necr           100%       1d9       1%          1
b - Animate Dead          Necr           34%        N/A       4%          4

Your spell library contained the following spells:

 Spells                   Type           Power      Damage    Failure   Level
 Vampiric Draining        Necr           34%        2d8       1%          3
 Beastly Appendage        Tmut           2%         N/A       19%         1
 Agony                    Necr           34%        N/A       12%         5


Dungeon Overview and Level Annotations

Branches:
Dungeon (4/15)             Temple (1/1) D:4

Altars:
Ashenzari
Dithmenos
Kikubaaqudgha
Makhleb
Ru
Sif Muna
Vehumet
Wu Jian

Shops:
D:4 *:=[

Annotations:
D:4 Crazy Yiuf


Innate Abilities, Weirdness & Mutations

You have sharp fingernails.
You regenerate a little health from kills.
You are partially covered in sharp spines.


Message History

Press: ? - help, Shift-Dir - straight line, f - Crazy Yiuf
Aim: Crazy Yiuf, wielding a +3 quarterstaff of chaos and wearing a +1 cloak of poison resistance (chance to affect: 88%) Crazy Yiuf writhes in agony.
Crazy Yiuf hits you with a +3 quarterstaff of chaos.
You hit Crazy Yiuf.
Crazy Yiuf is poisoned.
Crazy Yiuf is lightly wounded.
Crazy Yiuf hits you with a +3 quarterstaff of chaos.
Crazy Yiuf freezes you.
You closely miss Crazy Yiuf.
Crazy Yiuf is lightly wounded.
Crazy Yiuf is struck by your spines.
Crazy Yiuf hits you with a +3 quarterstaff of chaos.
Crazy Yiuf burns you.
You hit Crazy Yiuf.
Crazy Yiuf is moderately wounded.
Crazy Yiuf hits you with a +3 quarterstaff of chaos!
Crazy Yiuf flaps his cloak.
You closely miss Crazy Yiuf.
Crazy Yiuf is heavily wounded.
Crazy Yiuf is struck by your spines.
Crazy Yiuf hits you with a +3 quarterstaff of chaos!
Crazy Yiuf draws strength from your wounds!
Crazy Yiuf attacks as you move away! Crazy Yiuf is struck by your spines.
Crazy Yiuf hits you with a +3 quarterstaff of chaos!
* * * LOW HITPOINT WARNING * * *
Crazy Yiuf freezes you.
* * * LOW HITPOINT WARNING * * *
You hit Crazy Yiuf but do no damage.
Crazy Yiuf is severely wounded.
Crazy Yiuf barely misses you.
You closely miss Crazy Yiuf.
Crazy Yiuf is severely wounded.
Crazy Yiuf hits you with a +3 quarterstaff of chaos.
* * * LOW HITPOINT WARNING * * *
You feel drained.
* * * LOW HITPOINT WARNING * * *
You hit Crazy Yiuf. You punch Crazy Yiuf.
Crazy Yiuf is severely wounded.
Crazy Yiuf hits you with a +3 quarterstaff of chaos!
You die...

####.#####.##..........
#_#..##....###.........
# #'#.###.####
##.....##. ##
#######.......#
#########
.####.......#######
......###.### #######
#.# ##♣♣♣♣♣
#.###.P.♣g♣♣♣ ###
#.#....P@♣..♣#...#
#.......♣♣♣♣.'...#
###.#.P♣♣ ♣♣#..)#
####♣♣ ###


You could see Crazy Yiuf (poisoned).

Vanquished Creatures
  An ogre (D:4)
  A scorpion (D:4)
  2 orc priests (D:4)
  An orc wizard (D:4)
  Terence (D:2)
  Robin (D:2)
  4 gnolls (D:4)
  4 adders
  7 dart slugs
  6 orcs
  3 endoplasms
  4 giant cockroaches
  15 goblins
  7 hobgoblins
  4 jackals
  3 kobolds
  6 quokkas
  8 ball pythons
  4 bats
  6 frilled lizards
  4 rats
92 creatures vanquished.

Vanquished Creatures (collateral kills)
  Jessica (D:2)
  A hobgoblin (D:2)
  A jackal (D:1)
  A kobold (D:4)
4 creatures vanquished.

Vanquished Creatures (others)
  A gnoll zombie (D:4)
  3 orc zombies (D:4)
4 creatures vanquished.

Grand Total: 100 creatures vanquished

Notes
Turn   | Place    | Note
-------+----------+-------------------------------------------
     0 | D:1      | Crownlay the Demonspawn Necromancer began the quest for the
                  | Orb.
     0 | D:1      | Reached XP level 1. HP: 13/13 MP: 3/3
   155 | D:1      | Gained mutation: You are partially covered in sharp spines.
                  | [demonic ancestry]
   155 | D:1      | Reached XP level 2. HP: 17/19 MP: 0/5
   214 | D:1      | Reached skill level 5 in Necromancy
  1134 | D:2      | Gained mutation: You regenerate a little health from kills.
                  | [demonic ancestry]
  1134 | D:2      | Reached XP level 3. HP: 24/24 MP: 2/6
  1182 | D:2      | Found a shadowy altar of Dithmenos.
  1207 | D:2      | Noticed Terence
  1285 | D:2      | Noticed Jessica
  1296 | D:2      | Killed Jessica
  1297 | D:2      | Reached skill level 6 in Necromancy
  1297 | D:2      | Reached XP level 4. HP: 15/30 MP: 2/7
  1483 | D:2      | Killed Terence
  1614 | D:2      | Noticed Robin
  1770 | D:2      | Killed Robin
  2184 | D:3      | Reached skill level 7 in Necromancy
  2184 | D:3      | Gained mutation: You have sharp fingernails. [demonic
                  | ancestry]
  2184 | D:3      | Reached XP level 5. HP: 35/35 MP: 3/8
  2421 | D:3      | Found an ornate altar of the Wu Jian Council.
  2612 | D:3      | Found a burning altar of Makhleb.
  2808 | D:3      | Learned a level 4 spell: Animate Dead
  3215 | D:4      | Found Weryogod's General Store.
  3261 | D:4      | Bought a potion of heal wounds for 55 gold pieces
  3261 | D:4      | Bought a potion of curing for 33 gold pieces
  3261 | D:4      | Bought a potion of mutation for 88 gold pieces
  3304 | D:4      | Reached skill level 8 in Necromancy
  3309 | D:4      | Reached XP level 6. HP: 19/41 MP: 0/9
  3578 | D:4      | Found Qyf Soefoq's Jewellery Emporium.
  3623 | D:4      | Found Omumitiv's Armour Boutique.
  3636 | D:4      | Found an ancient bone altar of Kikubaaqudgha.
  3787 | D:4      | Found a shimmering blue altar of Sif Muna.
  3808 | D:4      | Found a radiant altar of Vehumet.
  3813 | D:4      | Got Sif Muna's Volume of Flesh
  3855 | D:4      | Found a staircase to the Ecumenical Temple.
  3875 | D:4      | Reached skill level 9 in Necromancy
  3946 | Temple   | Entered the Ecumenical Temple
  3990 | D:4      | Found Naolak's Book Shop.
  4066 | D:4      | Found a broken altar of Ashenzari.
  4092 | D:4      | Found a runed translucent door.
  4093 | D:4      | Noticed Crazy Yiuf
  4206 | D:4      | Mangled by Crazy Yiuf

Illustrated notes

Levels and vault maps discovered:
D:1:      matt_arrival_diagonals, layout_basic,
          wander_ebering_terrifying_dragon_lair
D:2:      layout_rooms, basic_altar, minivault_5, kennysheep_generic_room_13,
          uniq_robin, uniq_terence, uniq_jessica
D:3:      layout_basic, nicolae_wu_jian_wuxing_cycle,
          mainiacjoe_overflow_small_starburst, nicolae_overflow_crystal_walls,
          serial_bayou_pond_e
D:4:      layout_rooms, grunt_temple_overflow_magic_moments, kennysheep_mini,
          minmay_temple_entry_waves, serial_shops, nicolae_shop_stone,
          nicolae_shop_statue_plus, shop_fountains, nicolae_square_shop,
          kennysheep_orc_chapel, uniq_crazy_yiuf_cottage
Temple:   ebering_the_one_and_only

Skill      XL: |  1  2  3  4  5  6 |
---------------+-------------------+-----
Necromancy     | 5 6 7 8 9 |  9.1
Dodging        | |  1.7
Stealth        | |  1.7
Spellcasting   | |  2.0

Action                     |  1- 3 |  4- 6 || total
---------------------------+-------+-------++-------
  Melee: Dagger            |    10 |    48 ||    58
         Punch             |     1 |     1 ||     2
   Cast: Necrotise         |    49 |   100 ||   149
         Animate Dead      |       |     3 ||     3
    Use: Scroll            |       |     1 ||     1
 Armour: Robe              |       |    10 ||    10
  Dodge: Dodged            |    11 |    19 ||    30

Table legend: (Time is in decaauts)
 A = Elapsed time spent in this place.
 B = Non-inter-level travel time spent in this place.
 C = Inter-level travel time spent in this place.
 D = Time resting spent in this place.
 E = Time spent auto-exploring this place.
 F = Levels seen in this place.
 G = Mean time per level.
                   A        B        C        D        E       F      G
               +--------+--------+--------+--------+--------+-----+--------+
         Total |   4206 |   4070 |    136 |     56 |   3291 |   5 |  841.2 |
       Dungeon |   4204 |   4068 |    136 |     56 |   3291 |   4 | 1051.0 |
        Temple |      1 |      1 |      0 |      0 |      0 |   1 |    1.0 |
               +--------+--------+--------+--------+--------+-----+--------+

Top non-repeatable levels by time:
     D:3: 1181 daAuts
     D:2: 1160 daAuts
     D:4: 953 daAuts
     D:1: 909 daAuts
  Temple: 1 daAuts
